 Dungeon Crawl Stone Soup version 0.28-a0-998-gb9e9c7b67e (webtiles) character file.

Game seed: 15066354281988631393

11 croobank the Sneak (level 2, -2/24 HPs)
             Began as a Demonspawn Delver on Dec 6, 2021.
             Slain by a centaur skeleton (4 damage)
             ... on level 4 of the Dungeon.
             The game lasted 00:02:39 (450 turns).

croobank the Sneak (Demonspawn Delver)               Turns: 450, Time: 00:02:39

Health: -2/24      AC:  3    Str: 12    XL:     2   Next: 17%
Magic:  2/2        EV: 11    Int: 11    God:
Gold:   29         SH:  0    Dex: 14    Spells: 1/1 levels left

rFire   . . .      SeeInvis .   a - +1 hand axe
rCold   . . .      Faith    .   (no shield)
rNeg    . . .      Spirit   .   b - +0 leather armour
rPois   .          Reflect  .   (no helmet)
rElec   .          Harm     .   (no cloak)
rCorr   .          Rampage  .   (no gloves)
Will    .....                   (no boots)
Stlth   +++.......              (no amulet)
HPRegen 0.08/turn               (no ring)
MPRegen 0.08/turn               (no ring)

@: lethally poisoned (-2 -> -4)
A: claws 1
a: no special abilities


You were on level 4 of the Dungeon.
You visited 1 branch of the dungeon, and saw 2 of its levels.

You collected 29 gold pieces.

Inventory:

Hand Weapons
 a - a +1 hand axe (weapon)
Missiles
 i - 41 stones (quivered)
Armour
 b - a +0 leather armour (worn)
Wands
 g - a wand of digging (3)
Scrolls
 c - a scroll of fog
 d - a scroll of magic mapping
 j - a scroll of vulnerability {unknown}
 k - a scroll of blinking {unknown}


   Skills:
 + Level 3.1 Fighting
 + Level 1.8 Axes
 + Level 0.2 Armour
 + Level 1.8 Dodging
 + Level 4.8 Stealth


You had one spell level left.
You didn't know any spells.
Your spell library was empty.

Dungeon Overview and Level Annotations

Branches:
Dungeon (5/15)
 Temple: D:4-7

Altars:


Innate Abilities, Weirdness & Mutations

You have sharp fingernails.


Message History

Press: ? - help, Q - select action Shift-Dir - straight line, f - iguana
Aim: an iguana (heavily wounded, 63% to hit)
Okay, then.
You feel yourself speed up. The iguana closely misses you.
Found a gilded ring.
Found a stone staircase leading up.
Found 8 stones.
There is a stone staircase leading up here.
You climb upwards.
Found 6 gold pieces.
There is a stone staircase leading down here.
Your extra speed is starting to run out.
You feel yourself slow down.
An adder comes into view.
You start resting.
An adder is nearby!
The adder hisses angrily.
You slash the adder!
The adder is severely wounded.
A centaur skeleton comes into view.
The adder bites you.
* * * LOW HITPOINT WARNING * * *
You closely miss the adder.
The adder is severely wounded.
The adder bites you.
* * * LOW HITPOINT WARNING * * *
You are lethally poisoned!
The adder poisons you! The adder bites you but does no damage.
You aren't carrying any potions.
As you read the scroll labelled GEXZITO ETZEVI, it crumbles to dust.
It is a scroll of enchant weapon.
Your +0 hand axe glows red for a moment.
* * * LOW HITPOINT WARNING * * *
You feel sick. The adder barely misses you.
Unknown command.
As you read the scroll of fear, it crumbles to dust.
You assume a fearsome visage.
The centaur skeleton is unaffected.
The adder looks frightened!
* * * LOW HITPOINT WARNING * * *
You feel sick. The centaur skeleton hits you.
You die...

# ### .#
..### ..#
..#.###.#
#.....##
#$.....#
#.Z@..#
#......#
##S....#
#.###.#..
#.. ###..
#. ### #


You could see an adder (fleeing) and a centaur skeleton.

Vanquished Creatures
  An adder (D:5)
  An orc (D:5)
2 creatures vanquished.

Notes
Turn   | Place    | Note
-------+----------+-------------------------------------------
     0 | D:5      | croobank the Demonspawn Delver began the quest for the Orb.
     0 | D:5      | Reached XP level 1. HP: 18/18 MP: 1/1
    21 | D:5      | Discovered your monstrous ancestry.
    21 | D:5      | Gained mutation: You have sharp fingernails. [demonic
                  | ancestry]
    21 | D:5      | Reached XP level 2. HP: 16/24 MP: 2/2
   450 | D:4      | Slain by a centaur skeleton

Illustrated notes

Levels and vault maps discovered:
D:4:      nicolae_BIG_FREAKIN_CUBE, layout_cave_pools, nicolae_shop_gadgets,
          uniq_crazy_yiuf_cottage
D:5:      kennysheep_six_static_rooms, layout_layer_cave, roderic_lattice_a,
          nicolae_wooded_promenade, uniq_ijyb, uniq_blork_the_orc, uniq_pikel

Action                   || total
-------------------------++-------
Melee: Hand axe          ||    23
  Use: Scroll            ||     2
       Potion            ||     1
 Stab: Sleeping          ||     1
Armor: Leather armour    ||     3
Dodge: Dodged            ||    20

Table legend: (Time is in decaauts)
 A = Elapsed time spent in this place.
 B = Non-inter-level travel time spent in this place.
 C = Inter-level travel time spent in this place.
 D = Time resting spent in this place.
 E = Time spent auto-exploring this place.
 F = Levels seen in this place.
 G = Mean time per level.
                   A        B        C        D        E       F      G
               +--------+--------+--------+--------+--------+-----+--------+
         Total |    439 |    439 |      0 |    167 |    157 |   2 |  219.5 |
       Dungeon |    439 |    439 |      0 |    167 |    157 |   2 |  219.5 |
               +--------+--------+--------+--------+--------+-----+--------+

Top non-repeatable levels by time:
     D:5: 370 daAuts
     D:4: 69 daAuts
